 Dungeon Crawl Stone Soup version 0.20-a0-957-g47ad1fd (webtiles) character file.

382 Hybris the Magician (level 6, 0/41 HPs)
             Began as a Mummy Summoner on Apr 5, 2017.
             Slain by Pikel
             ... wielding a +0 whip of electrocution
              (4 damage)
             ... on level 4 of the Dungeon.
             The game lasted 00:13:21 (5146 turns).

Hybris the Magician (Mummy Summoner)                Turns: 5146, Time: 00:13:22

Health: 0/41       AC:  4    Str: 11    XL:     6   Next: 47%
Magic:  1/14       EV: 12    Int: 16    God:
Gold:   79         SH:  0    Dex: 13    Spells: 6/16 levels left

rFire    x . .     SeeInvis .   l - +0 whip
rCold    + . .     Gourm    .   (no shield)
rNeg     + + +     Faith    .   a - +0 robe
rPois    ∞         Spirit   .   (no helmet)
rElec    .         Reflect  .   (no cloak)
rCorr    .         Harm     .   h - +0 pair of gloves
MR       .....                  c - +0 pair of boots
Stlth    ++........             (no amulet)
Regen    0.2/turn               (no ring)
MPRegen  0.2/turn               (no ring)

@: very slightly contaminated
A: no food or potions, fire vulnerability, cold resistance 1, negative energy
resistance 3, torment resistance, unbreathing
a: no special abilities


You were on level 4 of the Dungeon.
You were not hungry.

You visited 1 branch of the dungeon, and saw 5 of its levels.

You collected 79 gold pieces.

Inventory:

Hand Weapons
 l - a +0 whip (weapon)
Armour
 a - a +0 robe (worn)
 c - a +0 pair of boots (worn)
 h - a +0 pair of gloves (worn)
Jewellery
 d - an uncursed amulet of guardian spirit
Scrolls
 e - 3 scrolls of identify
 g - 2 scrolls of remove curse
 i - a scroll of immolation {unknown}
 j - a scroll of enchant armour {unknown}
 k - 3 scrolls of fog {unknown}
Books
 b - a book of Callings

   Spells                             Type                      Level
   a - Summon Small Mammal            Summoning                    1
   b - Call Imp                       Summoning                    2
   c - Call Canine Familiar           Summoning                    3
   d - Summon Guardian Golem          Hexes/Summoning              3
   e - Summon Lightning Spire         Summoning/Air                4
   f - Summon Ice Beast               Ice/Summoning                4


   Skills:
 - Level 1.5 Dodging
 - Level 1.5 Stealth
 + Level 5.5 Spellcasting
 * Level 5.5 Summonings


You had 6 spell levels left.
You knew the following spells:

 Your Spells              Type           Power        Failure   Level  Hunger
a - Summon Small Mammal   Summ           ###.         1%          1    N/A
b - Call Imp              Summ           ###.....     2%          2    N/A
c - Call Canine Familiar  Summ           ###.....     6%          3    N/A
d - Summon Lightning Spi  Summ/Air       ##......     50%         4    N/A

Dungeon Overview and Level Annotations

Branches:
Dungeon (5/15)
 Temple: D:4-7

Altars:
Dithmenos

Annotations:
D:4 Pikel


Innate Abilities, Weirdness & Mutations

You do not eat or drink.
Your flesh is vulnerable to fire.
You are immune to poison.
Your flesh is cold resistant. (rC+)
You are immune to negative energy. (rN+++)
You are immune to unholy pain and torment.
You can survive without breathing.


Message History

You climb downwards.
The ball python closely misses you. The ball python barely misses you.
The ball python closely misses you. x2
The slave hits you.
* * * LOW HITPOINT WARNING * * *
There is a stone staircase leading up here.
The ball python barely misses you. The ball python grabs you.
You stop ascending the stairs.
The ball python constricts you. The slave hits you but does no damage.
You escape the ball python's grasp.
The slave hits you.
* * * LOW HITPOINT WARNING * * *
The ball python barely misses you. x2; The slave misses you.
You climb upwards.
Level annotation: Pikel Pikel barely misses you.
There is a stone staircase leading down here.
As you read the scroll labeled DILOIN LIBLOG, it crumbles to dust.
It is a scroll of identify.
d - an uncursed amulet of guardian spirit Pikel hits you with a whip of electrocution.
You die...

#..##...##.........##............
.................................
........(.##.....##.%............
.........###..#..###.............
.........##..###..##..........)..
.............###.................
.............)#..................
########+###.[.pS..##............
...........[...#@..##............
...............#pK..#............
...............#...>#............
...............#....#............
.......[.......#....#............
...............#....#............
...............######............
....#####...........#............
....#...#..........†'............


You could see Pikel, 2 slaves and a ball python.

Vanquished Creatures
  A phantom (D:4)
  2 orc priests (D:4)
  An adder (D:4)
  2 leopard geckos
  3 ball pythons
  5 giant cockroaches
  7 goblins
  4 hobgoblins
  4 jackals
  A kobold (D:3)
  A quokka (D:3)
  A ball python skeleton (D:3)
  2 bats
  2 frilled lizards
  3 rats
39 creatures vanquished.

Vanquished Creatures (collateral kills)
  Sigmund (D:4)
  A scorpion (D:4)
  3 orc wizards (D:4)
  A centaur skeleton (D:4)
  An iguana (D:4)
  An adder (D:4)
  4 worms (D:3)
  2 dart slugs (D:2)
  A leopard gecko (D:2)
  8 orcs (D:4)
  3 bats
  A giant cockroach (D:2)
  5 goblins
  2 hobgoblins
  4 jackals
  5 kobolds
  A ball python (D:3)
  6 rats
50 creatures vanquished.

Grand Total: 89 creatures vanquished

Notes
Turn   | Place    | Note
-------+----------+-------------------------------------------
     0 | D:1      | Hybris the Mummy Summoner began the quest for the Orb.
     0 | D:1      | Reached XP level 1. HP: 13/13 MP: 4/4
   495 | D:1      | Reached XP level 2. HP: 17/19 MP: 3/6
   499 | D:1      | Learned a level 2 spell: Call Imp
  1529 | D:2      | Reached XP level 3. HP: 18/24 MP: 3/7
  2034 | D:2      | Learned a level 3 spell: Call Canine Familiar
  3012 | D:3      | Reached XP level 4. HP: 30/30 MP: 1/10
  3220 | D:4      | Found a shadowy altar of Dithmenos.
  3292 | D:4      | HP: 1/30 [orc wizard/puff of flame (10)]
  3610 | D:4      | Noticed Sigmund
  3634 | D:4      | Killed Sigmund
  3634 | D:4      | Reached XP level 5. HP: 30/35 MP: 6/12
  3731 | D:4      | Reached skill level 5 in Summonings
  3865 | D:4      | Noticed a phantom
  3900 | D:4      | Killed a phantom
  3900 | D:4      | Reached skill level 5 in Spellcasting
  3900 | D:4      | Reached XP level 6. HP: 36/41 MP: 5/13
  3963 | D:4      | Learned a level 4 spell: Summon Lightning Spire
  5096 | D:5      | Entered Level 5 of the Dungeon
  5099 | D:5      | Noticed Pikel
  5099 | D:5      | Noticed a slave
  5100 | D:5      | Noticed a slave
  5101 | D:5      | Noticed a slave
  5104 | D:5      | Noticed a slave
  5146 | D:4      | Slain by Pikel

Vault maps used:
D:1:      shiori_arrival_maze, st_stairs_4, minmay_strange_pillars,
          nrook_mini_backslash
D:2:      brannock_xom_greatest_gift, first_bread
D:4:      nicolae_dithmenos_shadow_blocks, uniq_sigmund
D:5:      vehumet_crystals, overflow_temple_1_default, uniq_pikel

Skill      XL: |  1  2  3  4  5 |
---------------+----------------+-----
Spellcasting   | 3 4 5 |  5.5
Summonings     | 4 5 |  5.5
Dodging        | |  1.5
Stealth        | |  1.5

Action                   |  1- 3 |  4- 6 || total
-------------------------+-------+-------++-------
Melee: Dagger            |   198 |    49 ||   247
       Unarmed           |     5 |       ||     5
       Whip              |       |    22 ||    22
 Cast: Summon Small Mamm |    17 |     3 ||    20
       Call Imp          |    18 |    27 ||    45
       Call Canine Famil |     6 |    16 ||    22
  Use: Scroll            |     2 |     3 ||     5
 Stab: Sleeping          |     5 |     1 ||     6
Armor: Robe              |    66 |    16 ||    82
Dodge: Dodged            |   151 |    55 ||   206
